 Dungeon Crawl Stone Soup version 0.21.0-37-g46506fa (webtiles) character file.

2209 tidbits the Magician (level 9, 10/65 HPs)
             Began as a Gnoll Earth Elementalist on Feb 1, 2018.
             Quit the game on level 9 of the Dungeon.
             The game lasted 00:19:18 (1549 turns).

tidbits the Magician (Gnoll Earth Elementalist)     Turns: 1549, Time: 00:19:19

Health: 10/65      AC:  5    Str: 10    XL:     9   Next: 34%
Magic:  5/18       EV: 16    Int: 24    God:
Gold:   216        SH:  0    Dex: 16    Spells: 6/21 levels left

rFire    + . .     SeeInvis .   a - +0 dagger
rCold    + . .     Gourm    .   (no shield)
rNeg     . . .     Faith    .   B - +0 robe
rPois    .         Spirit   .   (no helmet)
rElec    .         Reflect  .   C - scarf {rC+ rF+}
rCorr    .         Harm     .   (no gloves)
MR       .....                  (no boots)
Stlth    +++.......             (no amulet)
HPRegen  0.20/turn              q - +3 ring of intelligence
MPRegen  0.16/turn              U - +3 ring of protection

@: berserk cooldown, very slightly contaminated, slowed, very slow
A: distributed training, fangs 1, strong nose
a: no special abilities


You were on level 9 of the Dungeon.
You were not hungry.

You visited 1 branch of the dungeon, and saw 9 of its levels.

You collected 294 gold pieces.
You spent 78 gold pieces at shops.

Inventory:

Hand Weapons
 a - a +0 dagger (weapon)
 d - a +0 hunting sling
 g - a +0 club
 k - a +0 flail
 F - a +3 blowgun
Missiles
 b - 153 stones (quivered)
 f - 17 sling bullets
 l - 2 tomahawks
 v - 13 poisoned needles
Armour
 h - a +0 ring mail
 p - a +0 shield
 r - a +0 leather armour
 B - a +0 robe (worn)
 C - a scarf of resistance (worn)
   (You found it on level 6 of the Dungeon)
Magical Staves
 o - an uncursed staff of energy {!a}
   (You found it on level 4 of the Dungeon)
Jewellery
 q - a +3 ring of intelligence (left hand)
   (You found it on level 6 of the Dungeon)
 U - a +3 ring of protection (right hand)
   (You found it on level 8 of the Dungeon)
Wands
 n - a wand of paralysis (10)
 s - a wand of polymorph (12)
 z - a wand of flame (29)
Scrolls
 i - a scroll of noise
 m - a scroll of fear
 t - a scroll of fog
 y - a scroll of remove curse
 A - a scroll of enchant weapon {unknown}
Potions
 j - a potion of degeneration
 w - a potion of curing
 x - a potion of heal wounds
 D - 2 potions of might
Books
 e - a book of Geomancy

   Spells                             Type                      Level
   a - Sandblast                      Earth                        1
   b - Passwall                       Transmutation/Earth          2
   c - Stone Arrow                    Conjuration/Earth            3
   d - Petrify                        Transmutation/Earth          4
   e - Lee's Rapid Deconstruction     Earth                        5
 E - a book of Misfortune
   (You found it on level 9 of the Dungeon)

   Spells                             Type                      Level
   a - Confusing Touch                Hexes                        1
   b - Confuse                        Hexes                        3
   c - Gell's Gravitas                Translocation                3
   d - Petrify                        Transmutation/Earth          4
   e - Metabolic Englaciation         Hexes/Ice                    5
   f - Yara's Violent Unravelling     Hexes/Transmutation          5
Comestibles
 c - 6 rations


   Skills:
 + Level 4.1 Fighting
 + Level 4.1 Short Blades
 + Level 4.1 Long Blades
 + Level 4.1 Axes
 + Level 4.1 Maces & Flails
 + Level 4.1 Polearms
 + Level 4.1 Staves
 + Level 4.1 Slings
 + Level 4.1 Bows
 + Level 4.1 Crossbows
 + Level 4.1 Throwing
 + Level 4.1 Armour
 + Level 6.2 Dodging
 + Level 5.9 Stealth
 + Level 4.1 Shields
 + Level 4.1 Unarmed Combat
 + Level 6.5 Spellcasting
 + Level 3.3 Conjurations
 + Level 3.3 Hexes
 + Level 3.3 Charms
 + Level 3.3 Summonings
 + Level 3.3 Necromancy
 + Level 3.3 Translocations
 + Level 4.0 Transmutations
 + Level 3.3 Fire Magic
 + Level 3.3 Ice Magic
 + Level 3.3 Air Magic
 + Level 6.5 Earth Magic
 + Level 3.3 Poison Magic
 + Level 4.5 Invocations
 + Level 4.1 Evocations


You had 6 spell levels left.
You knew the following spells:

 Your Spells              Type           Power        Failure   Level  Hunger
a - Sandblast             Erth           #####.       1%          1    None
e - Petrify               Tmut/Erth      ####....     9%          4    ###....
j - Stone Arrow           Conj/Erth      ####..       3%          3    None
p - Passwall              Tmut/Erth      ####......   1%          2    None
D - Lee's Rapid Deconstr  Erth           #####.....   14%         5    #####..


Dungeon Overview and Level Annotations

Branches:
Dungeon (9/15)
 Temple: D:4-7         Lair: D:8-11         Orc: D:9-12

Altars:

Shops:
D:7 ?


Innate Abilities, Weirdness & Mutations

Your experience applies equally to all skills.
You have very sharp teeth.
Your uncanny sense of smell can sniff out nearby items.


Message History

Grum completely misses you. The wolf barely misses you.
You hit the wolf. You bite the wolf!
The wolf is heavily wounded.
The orc misses you. The wolf barely misses you. The wolf bites you!
* * * LOW HITPOINT WARNING * * *
You puncture the wolf!
The wolf is almost dead.
The wolf misses you.
Grum hits you from afar with an enchanted halberd.
* * * LOW HITPOINT WARNING * * *
The wolf misses you.
You barely miss the wolf.
You kill the wolf!
The orc barely misses you.
You closely miss the wolf. You bite the wolf.
The wolf is lightly wounded.
Grum stops moving altogether!
The wolf misses you. The orc misses you. The wolf barely misses you.
You see here a wolf corpse.
The helpless Grum fails to defend himself.
You stick Grum like a pincushion!!! You bite Grum, but do no damage.
Grum is severely wounded.
The wolf misses you.
The helpless Grum fails to defend himself.
You skewer Grum like a kebab!!!
You kill Grum!
Your Fighting skill increases to level 4!
Your Short Blades skill increases to level 4!
Your Long Blades skill increases to level 4!
Your Axes skill increases to level 4!
Your Maces & Flails skill increases to level 4!
Your Polearms skill increases to level 4!
Your Staves skill increases to level 4!
Your Slings skill increases to level 4!
Your Bows skill increases to level 4!
Your Crossbows skill increases to level 4!
Your Throwing skill increases to level 4!
Your Armour skill increases to level 4!
Your Shields skill increases to level 4!
Your Unarmed Combat skill increases to level 4!
Your Transmutations skill increases to level 4!
Your Evocations skill increases to level 4!
You closely miss the wolf. Your bite misses the wolf.
The wolf is lightly wounded.
The wolf bites you.
* * * LOW HITPOINT WARNING * * *
The orc completely misses you.
You closely miss the wolf. You bite the wolf, but do no damage.
The wolf is lightly wounded.
The wolf bites you!
* * * LOW HITPOINT WARNING * * *
The orc hits you but does no damage. x2
You closely miss the wolf.
The wolf is lightly wounded.
The wolf bites you.
* * * LOW HITPOINT WARNING * * *
The orc misses you. The orc warrior completely misses you.
You puncture the wolf!
The wolf is heavily wounded.
The wolf misses you. The orc hits you.
* * * LOW HITPOINT WARNING * * *
The orc barely misses you.
You hit the wolf. You bite the wolf, but do no damage.
The wolf is severely wounded.
The wolf bites you.
* * * LOW HITPOINT WARNING * * *
The orc closely misses you. The orc warrior misses you.
You barely miss the wolf.
The wolf is severely wounded.
The wolf misses you. The orc hits you but does no damage.
The orc completely misses you.
You hit the wolf.
You kill the wolf!
The orc misses you.
You closely miss the orc warrior.
The orc warrior hits you with a hand axe.
* * * LOW HITPOINT WARNING * * *
The orc misses you. The orc completely misses you.
You puncture the orc warrior!
The orc warrior is moderately wounded.
The orc closely misses you.
You closely miss the orc warrior.
The orc warrior is moderately wounded.
The orc hits you but does no damage.
The orc warrior hits you with a hand axe.
* * * LOW HITPOINT WARNING * * *
The orc hits you but does no damage.
You hit the orc warrior.
The orc warrior is moderately wounded.
The orc hits you but does no damage.
You closely miss the orc warrior. You bite the orc warrior!
The orc warrior is heavily wounded.
You are no longer berserk.
You are exhausted.
You feel yourself slow down. The orc misses you.
The orc warrior barely misses you. The orc closely misses you.
Unknown command.
Okay, then.
Sorry, you're not good enough to have a special ability.
Unknown command.
Are you sure you want to abandon this character and quit the game? (Confirm with "yes".)

#.....#
#.....#
#.....+
#.....#
#.....#
#.....#
#.....#
#.oo..#
#o@o..#
#.....#
#.....#
+.....#
#>....#
#.....#
#.....#
#.....#


You could see an orc warrior and 3 orcs.

Vanquished Creatures
  Joseph (D:7)
  Prince Ribbit (D:8)
  2 hippogriffs
  Grum (D:9)
  3 ogres
  A crocodile (D:8)
  3 wolves (D:9)
  A bullfrog (D:6)
  A water moccasin skeleton (D:7)
  3 howler monkeys (D:7)
  A crimson imp (D:8)
  A hound (D:7)
  An iguana (D:5)
  3 orc wizards
  3 worker ants
  A worker ant zombie (D:7)
  4 gnolls (D:7)
  5 adders
  2 shadow imps
  2 adder zombies
  An adder skeleton (D:7)
  2 worms
  2 dart slugs (D:1)
  2 leopard geckos
  8 orcs
  A giant cockroach (D:3)
  2 goblins
  2 hobgoblins
  6 jackals
  A ball python (D:4)
  A frilled lizard (D:1)
  3 kobolds
  A rat (D:1)
72 creatures vanquished.

Notes
Turn   | Place    | Note
-------+----------+-------------------------------------------
     0 | D:1      | tidbits the Gnoll Earth Elementalist began the quest for the Orb.
     0 | D:1      | Reached XP level 1. HP: 13/13 MP: 6/6
     3 | D:1      | Noticed an electric eel
     3 | D:1      | Noticed an electric eel
    21 | D:1      | Reached skill level 2 in Transmutations
    81 | D:1      | Reached XP level 2. HP: 19/19 MP: 5/7
    85 | D:1      | Learned a level 2 spell: Passwall
   166 | D:3      | Reached XP level 3. HP: 25/25 MP: 9/9
   171 | D:3      | Learned a level 3 spell: Stone Arrow
   197 | D:3      | Reached skill level 5 in Spellcasting
   305 | D:3      | Reached skill level 1 in Invocations
   501 | D:4      | Reached skill level 1 in Fighting
   501 | D:4      | Reached skill level 1 in Short Blades
   501 | D:4      | Reached skill level 1 in Long Blades
   501 | D:4      | Reached skill level 1 in Axes
   501 | D:4      | Reached skill level 1 in Maces & Flails
   501 | D:4      | Reached skill level 1 in Polearms
   501 | D:4      | Reached skill level 1 in Staves
   501 | D:4      | Reached skill level 1 in Slings
   501 | D:4      | Reached skill level 1 in Bows
   501 | D:4      | Reached skill level 1 in Crossbows
   501 | D:4      | Reached skill level 1 in Throwing
   501 | D:4      | Reached skill level 1 in Armour
   501 | D:4      | Reached skill level 1 in Shields
   501 | D:4      | Reached skill level 1 in Unarmed Combat
   501 | D:4      | Reached skill level 1 in Evocations
   501 | D:4      | Reached XP level 4. HP: 32/32 MP: 8/11
   526 | D:5      | Entered Level 5 of the Dungeon
   560 | D:5      | Reached skill level 1 in Conjurations
   560 | D:5      | Reached skill level 1 in Hexes
   560 | D:5      | Reached skill level 1 in Charms
   560 | D:5      | Reached skill level 1 in Summonings
   560 | D:5      | Reached skill level 1 in Necromancy
   560 | D:5      | Reached skill level 1 in Translocations
   560 | D:5      | Reached skill level 1 in Fire Magic
   560 | D:5      | Reached skill level 1 in Ice Magic
   560 | D:5      | Reached skill level 1 in Air Magic
   560 | D:5      | Reached skill level 1 in Poison Magic
   641 | D:5      | Reached XP level 5. HP: 10/37 MP: 6/12
   733 | D:7      | Noticed a hippogriff
   737 | D:7      | HP: 1/37 [hippogriff (4)]
   738 | D:7      | Killed a hippogriff
   738 | D:7      | Reached skill level 5 in Dodging
   738 | D:7      | Reached skill level 2 in Invocations
   738 | D:7      | Reached XP level 6. HP: 2/44 MP: 10/14
   741 | D:7      | Reached skill level 2 in Fighting
   741 | D:7      | Reached skill level 2 in Short Blades
   741 | D:7      | Reached skill level 2 in Long Blades
   741 | D:7      | Reached skill level 2 in Axes
   741 | D:7      | Reached skill level 2 in Maces & Flails
   741 | D:7      | Reached skill level 2 in Polearms
   741 | D:7      | Reached skill level 2 in Staves
   741 | D:7      | Reached skill level 2 in Slings
   741 | D:7      | Reached skill level 2 in Bows
   741 | D:7      | Reached skill level 2 in Crossbows
   741 | D:7      | Reached skill level 2 in Throwing
   741 | D:7      | Reached skill level 2 in Armour
   741 | D:7      | Reached skill level 2 in Shields
   741 | D:7      | Reached skill level 2 in Unarmed Combat
   741 | D:7      | Reached skill level 2 in Evocations
   800 | D:6      | Reached XP level 7. HP: 12/50 MP: 10/15
   851 | D:7      | Learned a level 4 spell: Petrify
   868 | D:7      | HP: 2/50 [howler monkey (8)]
   878 | D:7      | Noticed Joseph
   880 | D:7      | Reached skill level 2 in Conjurations
   880 | D:7      | Reached skill level 2 in Hexes
   880 | D:7      | Reached skill level 2 in Charms
   880 | D:7      | Reached skill level 2 in Summonings
   880 | D:7      | Reached skill level 2 in Necromancy
   880 | D:7      | Reached skill level 2 in Translocations
   880 | D:7      | Reached skill level 2 in Fire Magic
   880 | D:7      | Reached skill level 2 in Ice Magic
   880 | D:7      | Reached skill level 2 in Air Magic
   880 | D:7      | Reached skill level 2 in Poison Magic
   891 | D:7      | Killed Joseph
   891 | D:7      | Reached skill level 5 in Stealth
   891 | D:7      | Reached skill level 3 in Transmutations
   891 | D:7      | Reached skill level 6 in Earth Magic
   891 | D:7      | Reached skill level 3 in Invocations
   891 | D:7      | Reached XP level 8. HP: 4/57 MP: 5/16
  1026 | D:7      | Found Vikhlyle's Magic Scroll Emporium.
  1034 | D:7      | Bought a scroll of fog for 26 gold pieces
  1034 | D:7      | Bought a scroll of identify for 26 gold pieces
  1034 | D:7      | Bought a scroll of identify for 26 gold pieces
  1043 | D:7      | Reached skill level 3 in Fighting
  1043 | D:7      | Reached skill level 3 in Short Blades
  1043 | D:7      | Reached skill level 3 in Long Blades
  1043 | D:7      | Reached skill level 3 in Axes
  1043 | D:7      | Reached skill level 3 in Maces & Flails
  1043 | D:7      | Reached skill level 3 in Polearms
  1043 | D:7      | Reached skill level 3 in Staves
  1043 | D:7      | Reached skill level 3 in Slings
  1043 | D:7      | Reached skill level 3 in Bows
  1043 | D:7      | Reached skill level 3 in Crossbows
  1043 | D:7      | Reached skill level 3 in Throwing
  1043 | D:7      | Reached skill level 3 in Armour
  1043 | D:7      | Reached skill level 3 in Shields
  1043 | D:7      | Reached skill level 3 in Unarmed Combat
  1043 | D:7      | Reached skill level 3 in Evocations
  1104 | D:8      | Noticed a hippogriff
  1108 | D:8      | Killed a hippogriff
  1108 | D:8      | Reached skill level 6 in Spellcasting
  1284 | D:9      | Noticed a two-headed ogre
  1372 | D:9      | Reached skill level 3 in Conjurations
  1372 | D:9      | Reached skill level 3 in Hexes
  1372 | D:9      | Reached skill level 3 in Charms
  1372 | D:9      | Reached skill level 3 in Summonings
  1372 | D:9      | Reached skill level 3 in Necromancy
  1372 | D:9      | Reached skill level 3 in Translocations
  1372 | D:9      | Reached skill level 3 in Fire Magic
  1372 | D:9      | Reached skill level 3 in Ice Magic
  1372 | D:9      | Reached skill level 3 in Air Magic
  1372 | D:9      | Reached skill level 3 in Poison Magic
  1372 | D:9      | Reached skill level 4 in Invocations
  1403 | D:9      | Learned a level 5 spell: Lee's Rapid Deconstruction
  1450 | D:8      | Noticed Prince Ribbit
  1460 | D:8      | Killed Prince Ribbit
  1460 | D:8      | Reached skill level 6 in Dodging
  1460 | D:8      | Reached XP level 9. HP: 65/65 MP: 5/18
  1522 | D:8      | You fall through a shaft!
  1522 | D:9      | Noticed Grum
  1536 | D:9      | Killed Grum
  1536 | D:9      | Reached skill level 4 in Fighting
  1536 | D:9      | Reached skill level 4 in Short Blades
  1536 | D:9      | Reached skill level 4 in Long Blades
  1536 | D:9      | Reached skill level 4 in Axes
  1536 | D:9      | Reached skill level 4 in Maces & Flails
  1536 | D:9      | Reached skill level 4 in Polearms
  1536 | D:9      | Reached skill level 4 in Staves
  1536 | D:9      | Reached skill level 4 in Slings
  1536 | D:9      | Reached skill level 4 in Bows
  1536 | D:9      | Reached skill level 4 in Crossbows
  1536 | D:9      | Reached skill level 4 in Throwing
  1536 | D:9      | Reached skill level 4 in Armour
  1536 | D:9      | Reached skill level 4 in Shields
  1536 | D:9      | Reached skill level 4 in Unarmed Combat
  1536 | D:9      | Reached skill level 4 in Transmutations
  1536 | D:9      | Reached skill level 4 in Evocations
  1549 | D:9      | Quit the game

Skill      XL: |  1  2  3  4  5  6  7  8  9 |
---------------+----------------------------+-----
Transmutations | 2 3 4 |  4.0
Spellcasting   | 5 6 |  6.5
Invocations    | 1 2 3 4 |  4.5
Fighting       | 1 2 3 4 |  4.1
Short Blades   | 1 2 3 4 |  4.1
Long Blades    | 1 2 3 4 |  4.1
Axes           | 1 2 3 4 |  4.1
Maces & Flails | 1 2 3 4 |  4.1
Polearms       | 1 2 3 4 |  4.1
Staves         | 1 2 3 4 |  4.1
Slings         | 1 2 3 4 |  4.1
Bows           | 1 2 3 4 |  4.1
Crossbows      | 1 2 3 4 |  4.1
Throwing       | 1 2 3 4 |  4.1
Armour         | 1 2 3 4 |  4.1
Shields        | 1 2 3 4 |  4.1
Unarmed Combat | 1 2 3 4 |  4.1
Evocations     | 1 2 3 4 |  4.1
Conjurations   | 1 2 3 |  3.3
Hexes          | 1 2 3 |  3.3
Charms         | 1 2 3 |  3.3
Summonings     | 1 2 3 |  3.3
Necromancy     | 1 2 3 |  3.3
Translocations | 1 2 3 |  3.3
Fire Magic     | 1 2 3 |  3.3
Ice Magic      | 1 2 3 |  3.3
Air Magic      | 1 2 3 |  3.3
Poison Magic   | 1 2 3 |  3.3
Dodging        | 5 6 |  6.2
Stealth        | 5 |  5.9
Earth Magic    | 6 |  6.5

Action                   |  1- 3 |  4- 6 |  7- 9 || total
-------------------------+-------+-------+-------++-------
Melee: Dagger            |     7 |    12 |    36 ||    55
       Flail             |       |     4 |       ||     4
       Bite              |       |     2 |     7 ||     9
       Unarmed           |       |       |    16 ||    16
       Punch             |       |       |     1 ||     1
 Cast: Sandblast         |    20 |    27 |    36 ||    83
       Passwall          |     7 |     2 |    12 ||    21
       Petrify           |       |       |     8 ||     8
  Use: Scroll            |     3 |     2 |     7 ||    12
       Potion            |     1 |     2 |     3 ||     6
 Stab: Sleeping          |     7 |     5 |     7 ||    19
       Petrified         |       |       |     7 ||     7
  Eat: Chunk             |       |       |     2 ||     2
       Ration            |       |       |     1 ||     1
Armor: Robe              |       |     2 |    12 ||    14
       Skin              |       |       |     8 ||     8
Dodge: Dodged            |     2 |    23 |    51 ||    76

Table legend:
 A = Turns spent in this place as a percentage of turns spent in the entire game.
 B = Non-inter-level travel turns spent in this place as a percentage of non-inter-level travel turns spent in the entire game.
 C = Inter-level travel turns spent in this place as a percentage of turns spent in this place.
 D = Turns resting spent in this place as a percentage of non-inter-level travel turns spent in this place.
 E = Turns spent auto-exploring this place as a percentage of non-inter-level travel turns spent in this place.
 F = Non-inter-level travel turns spent in this place divided by the number of levels of this place that you've seen.
                   A       B       C       D       E      F
               +-------+-------+-------+-------+-------+----------------------
         Total | 100.0 | 100.0 |   0.0 |   0.0 |   0.0 | 172.1
       Dungeon | 100.0 | 100.0 |   0.0 |   0.0 |   0.0 | 172.1
               +-------+-------+-------+-------+-------+----------------------

Table legend:
 A = Kills in this place as a percentage of kills in entire the game.
 B = Kills by you in this place as a percentage of kills by you in the entire game.
 C = Kills by friends in this place as a percentage of kills by friends in the entire game.
 D = Other kills in this place as a percentage of other kills in the entire game.
 E = Experience gained in this place as a percentage of experience gained in the entire game.
 F = Experience gained in this place divided by the number of levels of this place that you have seen.
                   A       B       C       D       E      F
               +-------+-------+-------+-------+-------+----------------------
         Total | 100.0 | 100.0 |   N/A |   N/A | 100.0 | 350.7
       Dungeon | 100.0 | 100.0 |   N/A |   N/A | 100.0 | 350.7
               +-------+-------+-------+-------+-------+----------------------

Vault maps used:
D:1:      arrival_aquarium_b, minmay_misc_feat_nine_boxes,
          hangedman_decor_opposing
D:3:      demons_altar, first_ration, st_stairs_12, grunt_ministairs_15
D:5:      basic_altar
D:6:      minmay_temple_entry_butterflies
D:7:      serial_shops, shop, the_bakery, kennysheep_another_room,
          kennysheep_small_square, uniq_joseph
D:8:      uniq_prince_ribbit1
D:9:      kennysheep_generic_room_15, uniq_grum
